 Dungeon Crawl Stone Soup version 0.23.0 (webtiles) character file.

Game seed: 14483690933942944730

313 Monsterracer the Chopper (level 6, -5/57 HPs)
             Began as a Naga Chaos Knight on Feb 11, 2019.
             Was a Plaything of Xom.
             Slain by Grinder (8 damage)
             ... on level 3 of the Dungeon.
             The game lasted 00:03:21 (3283 turns).

Monsterracer the Chopper (Naga Chaos Knight)        Turns: 3283, Time: 00:03:22

Health: -5/57      AC:  7    Str: 16    XL:     6   Next: 43%
Magic:  6/6        EV:  9    Int: 11    God:    Xom [*.....]
Gold:   106        SH:  0    Dex: 10    Spells: 5/5 levels left

rFire    . . .     SeeInvis +   a - +0 hand axe (chaos)
rCold    . . .     Gourm    +   (no shield)
rNeg     + . .     Faith    .   b - +2 leather armour
rPois    +         Spirit   .   j - +0 helmet
rElec    .         Reflect  .   (no cloak)
rCorr    .         Harm     .   i - +0 pair of gloves
MR       .....                  (no barding)
Stlth    ++........             o - amulet of the gourmand
HPRegen  0.19/turn              f - ring of positive energy
MPRegen  0.10/turn              (no ring)

@: very slow
A: large, see invisible, deformed body, dopey 1, poison resistance, slowness 2,
slow metabolism 1, spit poison 1, MP-powered wands, AC +2
a: Spit Poison, Renounce Religion


You were on level 3 of the Dungeon.
You worshipped Xom.
You were a special plaything of Xom.
You were not hungry.

You visited 1 branch of the dungeon, and saw 3 of its levels.

You collected 106 gold pieces.

Inventory:

Hand Weapons
 a - a +0 hand axe of chaos (weapon)
Armour
 b - a +2 leather armour (worn)
 i - a +0 pair of gloves (worn)
 j - a +0 helmet (worn)
Jewellery
 f - a ring of positive energy (left hand)
 o - an amulet of the gourmand (around neck)
Wands
 p - a wand of iceblast (5)
Scrolls
 e - a scroll of identify {unknown}
 h - 3 scrolls of magic mapping {unknown}
 k - 2 scrolls of teleportation {unknown}
 m - 2 scrolls of remove curse {unknown}
 n - a scroll of enchant weapon {unknown}
Potions
 d - a potion of agility {unknown}
 g - a potion of invisibility {unknown}
 l - a potion of might {unknown}
Comestibles
 c - 8 rations


   Skills:
 + Level 4.2 Fighting
 * Level 5.4 Axes
 - Level 1.5 Armour
 - Level 0.7 Dodging
 + Level 4.6 Stealth


You had 5 spell levels left.
You didn't know any spells.
Your spell library was empty.

Dungeon Overview and Level Annotations

Branches:
Dungeon (3/15)

Altars:

Annotations:
D:3 Grinder


Innate Abilities, Weirdness & Mutations

You cannot wear boots.
Your serpentine skin is tough. (AC +2)
You have supernaturally acute eyesight. (SInv)
Armour fits poorly on your strangely shaped body.
Your system is resistant to poisons. (rPois)
You cover ground very slowly.
You have a slow metabolism.
You can spit poison.
You are dopey. (Int -2)
You expend magic power (3 MP) to strengthen your wands.


Message History

Things that are here:
a +0 club; a kobold corpse; Health restored: 57 No target in view!
Grinder comes into view.
Grinder gestures at you. You resist with some effort.
Grinder is nearby!
Grinder hits you but does no damage.
Grinder is nearby!
You hit Grinder. You burn Grinder.
Grinder is lightly wounded.
Grinder barely misses you.
You slash Grinder! You burn Grinder.
Grinder is moderately wounded. "Heh heh heh..."
You are confused.
Grinder hits you!
You take 8 damage, and have 49/57 hp.
Unknown command.
You miss Grinder.
Grinder is moderately wounded.
Grinder hits you but does no damage.
You bump into the rock wall.
Grinder hits you.
You take 4 damage, and have 45/57 hp.
You bump into the rock wall.
Grinder hits you!
You writhe in agony.
You take 11 damage, and have 34/57 hp.
You hit Grinder but do no damage.
Grinder is moderately wounded.
Grinder misses you.
You hit Grinder but do no damage.
Grinder flickers and vanishes for a moment.
Grinder is moderately wounded.
Grinder barely misses you.
You're too confused to move!
Grinder blinks!
You hit Grinder.
Grinder's magic leaks into the air.
Grinder is moderately wounded.
You feel less confused.
Grinder falters for a moment.
You barely miss Grinder.
Grinder is moderately wounded.
Grinder hits you but does no damage.
You hit Grinder.
Grinder is heavily wounded.
Grinder closely misses you.
You completely miss Grinder.
Grinder is heavily wounded.
Grinder closely misses you.
You closely miss Grinder.
Grinder is heavily wounded.
Grinder closely misses you.
You hit Grinder.
Grinder's magic leaks into the air.
Grinder twitches.
Grinder is heavily wounded.
Grinder hits you.
You take 2 damage, and have 33/57 hp.
You closely miss Grinder.
Grinder is heavily wounded.
Grinder hits you.
You writhe in agony.
* * * LOW HITPOINT WARNING * * *
You take 5 damage, and have 28/57 hp.
You closely miss Grinder.
Grinder is heavily wounded.
Grinder barely misses you.
Unknown command.
You barely miss Grinder.
Grinder is heavily wounded.
Grinder misses you.
You hit Grinder but do no damage.
Grinder is heavily wounded.
Grinder hits you!
* * * LOW HITPOINT WARNING * * *
You writhe in agony.
* * * LOW HITPOINT WARNING * * *
You take 11 damage, and have 17/57 hp.
Unknown command.
You hit Grinder.
Grinder is heavily wounded.
Grinder gestures at you.
You suddenly lose the ability to move!
Grinder gestures at you.
You struggle to resist.
Grinder hits you but does no damage. Grinder hits you.
* * * LOW HITPOINT WARNING * * *
You writhe in agony.
* * * LOW HITPOINT WARNING * * *
Grinder hits you.
* * * LOW HITPOINT WARNING * * *
You writhe in agony.
* * * LOW HITPOINT WARNING * * *
Grinder hits you.
* * * LOW HITPOINT WARNING * * *
You can move again.
You take 14 damage, and have 3/57 hp.
MASSIVE DAMAGE!!
You barely miss Grinder.
Grinder is heavily wounded.
Grinder hits you.
* * * LOW HITPOINT WARNING * * *
Grinder hits you!
You die...
Xom snickers!

#####...# #.#
#...########.#
..........#.#
..#######)#.######
..................
#.#######.#.######
#.# #.#.# #.#
#.#.# #@# #.#.#
##5#######.#.#
#..........#.#
############..


You could see Grinder (invisible).

Vanquished Creatures
  Sigmund (D:2)
  An orc priest (D:3)
  5 adders
  A worm (D:3)
  A dart slug (D:1)
  2 leopard geckos
  5 orcs (D:3)
  2 ball pythons (D:3)
  10 bats
  5 giant cockroaches
  7 goblins
  6 hobgoblins
  2 jackals (D:3)
  7 kobolds
  3 quokkas (D:3)
  4 frilled lizards
  4 rats
66 creatures vanquished.

Notes
Turn   | Place    | Note
-------+----------+-------------------------------------------
     0 | D:1      | Monsterracer the Naga Chaos Knight began the quest for the
                  | Orb.
     0 | D:1      | Reached XP level 1. HP: 21/21 MP: 1/1
   101 | D:1      | XOM: silly message
   103 | D:1      | Reached skill level 1 in Stealth
   103 | D:1      | Reached XP level 2. HP: 26/28 MP: 2/2
   387 | D:1      | XOM: harmless Chrm miscast
   733 | D:1      | XOM: harmless Hex miscast
   800 | D:1      | Reached XP level 3. HP: 34/34 MP: 3/3
  1271 | D:2      | XOM: harmless Erth miscast
  1555 | D:2      | Noticed Sigmund
  1558 | D:2      | XOM: divination: magic mapping
  1568 | D:2      | Killed Sigmund
  1568 | D:2      | Reached skill level 4 in Axes
  1568 | D:2      | Reached XP level 4. HP: 38/44 MP: 4/4
  1568 | D:2      | Reached XP level 5. HP: 43/50 MP: 5/5
  1639 | D:2      | XOM: noise
  1887 | D:2      | Reached skill level 5 in Axes
  2048 | D:3      | Reached XP level 6. HP: 57/57 MP: 6/6
  2271 | D:3      | HP: 22/57 [orc/+0 hand axe (8)]
  2290 | D:3      | HP: 22/57 [ball python (1)]
  2312 | D:3      | HP: 27/57 [adder (3)]
  2317 | D:3      | HP: 26/57 [jackal (1)]
  2704 | D:3      | XOM: god gift: glass wand {god gift}
  2794 | D:3      | XOM: give mutations
  2794 | D:3      | Gained mutation: You expend magic power (3 MP) to
                  | strengthen your wands. [Xom's mischief]
  2794 | D:3      | Gained mutation: You are dopey. (Int -2) [Xom's mischief]
  2986 | D:3      | XOM: summons 3 hostile demons
  3256 | D:3      | Noticed Grinder
  3260 | D:3      | XOM: confusion
  3273 | D:3      | HP: 28/57 [Grinder (2)]
  3277 | D:3      | Paralysed by Grinder for 6 turns
  3280 | D:3      | HP: 12/57 [Grinder (6)]
  3282 | D:3      | HP: 3/57 [Grinder (6)]
  3283 | D:3      | Slain by Grinder

Skill      XL: |  1  2  3  4  5 |
---------------+----------------+-----
Stealth        | 1 4 |  4.6
Fighting       | 4 |  4.2
Axes           | 4 5 |  5.4
Armour         | |  1.5
Dodging        | |  0.7

Action                   |  1- 3 |  4- 6 || total
-------------------------+-------+-------++-------
Melee: Hand axe          |    60 |   176 ||   236
 Abil: Spit Poison       |     4 |     3 ||     7
 Stab: Sleeping          |     2 |     5 ||     7
       Paralysed         |     1 |       ||     1
       Confused          |       |     2 ||     2
       Petrifying        |       |     1 ||     1
  Eat: Chunk             |     1 |    12 ||    13
Armor: Leather armour    |    17 |    98 ||   115
Dodge: Dodged            |    31 |    98 ||   129

Levels and vault maps discovered:
D:1:      co_arrival_random_square_maze, layout_loops_corners,
          minmay_misc_feat_rugged
D:2:      layout_loops_ring, uniq_sigmund
D:3:      layout_basic, uniq_grinder
